 Dungeon Crawl Stone Soup version 0.22-a0-402-ga933591 (webtiles) character file.

524 KristoblXynda the Ruffian (level 7, -5/59 HPs)
             Began as a Troll Wizard on May 7, 2018.
             Was a Follower of Ashenzari.
             Slain by an ogre
             ... wielding a +0 giant club
              (17 damage)
             ... on level 5 of the Dungeon.
             The game lasted 00:07:04 (3153 turns).

KristoblXynda the Ruffian (Troll Wizard)            Turns: 3153, Time: 00:07:05

Health: -5/59      AC:  6    Str: 16    XL:     7   Next: 2%
Magic:  6/9        EV:  9    Int: 16    God:    Ashenzari [*.....]
Gold:   178        SH:  0    Dex:  8    Spells: 6/10 levels left

rFire    . . .     SeeInvis .     - Unarmed
rCold    . . .     Gourm    +   (no shield)
rNeg     . . .     Faith    .   a - +0 robe
rPois    +         Spirit   .   b - +0 hat
rElec    .         Reflect  .   f - +0 cloak (curse)
rCorr    .         Harm     .   (gloves unavailable)
MR       .....                  (boots unavailable)
Stlth    +.........             (no amulet)
HPRegen  0.59/turn              n - ring of poison resistance (curse)
MPRegen  0.11/turn              (no ring)

@: no status effects
A: large, unfitting armour, claws 3, fast metabolism 3, gourmand, regeneration
1, shaggy fur 1, tough skin 2
a: Curse Item, Scrying, Renounce Religion


You were on level 5 of the Dungeon.
You worshipped Ashenzari.
Ashenzari was aware of your devotion.
You were very full.

You visited 1 branch of the dungeon, and saw 5 of its levels.

You collected 178 gold pieces.

Inventory:

Armour
 a - a +0 robe (worn)
 b - a +0 hat (worn)
 f - a cursed +0 cloak (worn)
Jewellery
 n - a cursed ring of poison resistance (left claw)
 p - an uncursed ring of fire
Wands
 k - a wand of random effects (37)
Scrolls
 c - 2 scrolls of enchant armour {unknown}
 e - 3 scrolls of identify
 j - 3 scrolls of enchant weapon {unknown}
 l - a scroll of random uselessness {unknown}
 o - a scroll of magic mapping {unknown}
Potions
 g - a potion of lignification
 h - a potion of ambrosia
 i - 3 potions of agility
 m - a potion of flight
 q - a potion of heal wounds
 r - a potion of haste {unknown}
Comestibles
 d - 9 rations


   Skills:
 - Level 1.5 Dodging
 - Level 1.0 Stealth
 * Level 5.0 Unarmed Combat
 - Level 2.0 Spellcasting
 * Level 3.9 Conjurations
   Level 0.6 Summonings
   Level 0.6 Translocations


You had 6 spell levels left.
You knew the following spells:

 Your Spells              Type           Power        Failure   Level  Hunger
a - Magic Dart            Conj           ##..         4%          1    #......
b - Mephitic Cloud        Conj/Pois/Air  #.......     36%         3    ###....


Dungeon Overview and Level Annotations

Branches:
Dungeon (5/15)
 Temple: D:4-7

Altars:
Ashenzari
Kikubaaqudgha
Nemelex Xobeh
Okawaru
Uskayaw
Xom


Innate Abilities, Weirdness & Mutations

You are too large for most types of armour.
You have claws for hands.
Your metabolism is lightning-fast.
You like to eat raw meat.
Your natural rate of healing is unusually fast.
You are covered in fur. (AC +1)
You have very tough skin. (AC +2)


Message History

The orc hits you but does no damage.
The orc is engulfed in noxious fumes.
The orc appears confused.
The orc barely misses the ogre.
Unknown command.
You barely miss the orc. Your claw misses the orc.
The orc is heavily wounded.
The orc is engulfed in noxious fumes.
The orc appears confused.
You catch the helpless orc completely off-guard!
You scratch the orc.
You kill the orc!
The orc barely misses you.
An orc comes into view. It is wielding a dagger.
You barely miss the ogre. The orc hits you with a club.
The ogre hits you with a giant club!!
* * * LOW HITPOINT WARNING * * *
You scratch the ogre. Your claw misses the ogre.
The ogre is lightly wounded.
The orc hits you with a club.
* * * LOW HITPOINT WARNING * * *
The ogre hits you with a giant club!
You die...

....... .....
..... ... ...
#'#
#####[####
#...§Oo..#
#.###@##.#
.###.##...#.#
............#
###.##...#o#
#.##..##.#
#.#.#.##.#
#..###..
###.#.###
##..###


You could see an ogre and 2 orcs.

Vanquished Creatures
  An ogre (D:2)
  A scorpion (D:4)
  A centaur zombie (D:5)
  An orc priest (D:5)
  2 hounds (D:4)
  A bullfrog skeleton (D:4)
  2 iguanas (D:4)
  A worker ant (D:4)
  3 gnolls (D:4)
  6 adders
  3 oozes
  2 worms
  2 dart slugs
  7 leopard geckos
  2 orcs (D:5)
  2 ball pythons
  5 giant cockroaches
  8 goblins
  7 hobgoblins
  2 quokkas (D:3)
  2 bats
  5 frilled lizards
  4 kobolds
  7 rats
77 creatures vanquished.

Notes
Turn   | Place    | Note
-------+----------+-------------------------------------------
     0 | D:1      | KristoblXynda the Troll Wizard began the quest for the Orb.
     0 | D:1      | Reached XP level 1. HP: 16/16 MP: 2/2
    89 | D:1      | Reached skill level 1 in Unarmed Combat
    89 | D:1      | Reached skill level 1 in Conjurations
   165 | D:1      | Reached XP level 2. HP: 24/24 MP: 4/4
   420 | D:1      | Reached XP level 3. HP: 22/31 MP: 5/5
   605 | D:1      | Learned a level 3 spell: Mephitic Cloud
   694 | D:2      | Found an ancient bone altar of Kikubaaqudgha.
   934 | D:2      | Found a sparkling altar of Nemelex Xobeh.
   943 | D:2      | Reached skill level 2 in Unarmed Combat
  1200 | D:2      | Noticed an ogre
  1208 | D:2      | Killed an ogre
  1208 | D:2      | Reached skill level 3 in Unarmed Combat
  1208 | D:2      | Reached XP level 4. HP: 39/39 MP: 3/6
  1693 | D:3      | Reached XP level 5. HP: 45/45 MP: 7/7
  1696 | D:3      | Found a shattered altar of Ashenzari.
  1824 | D:3      | Became a worshipper of Ashenzari the Shackled
  2018 | D:3      | Noticed a dagger
  2018 | D:3      | Noticed a hand axe
  2032 | D:3      | Found a hide-covered altar of Uskayaw.
  2422 | D:4      | Reached skill level 4 in Unarmed Combat
  2422 | D:4      | Reached XP level 6. HP: 48/53 MP: 8/8
  2836 | D:4      | Found an iron altar of Okawaru.
  2879 | D:5      | Entered Level 5 of the Dungeon
  2941 | D:5      | Reached * piety under Ashenzari
  3077 | D:5      | Found a shimmering altar of Xom.
  3146 | D:5      | Reached skill level 5 in Unarmed Combat
  3146 | D:5      | Reached XP level 7. HP: 48/59 MP: 9/9
  3153 | D:5      | Slain by an ogre

Vault maps used:
D:1:      giann_bridges
D:2:      lemuel_crystal_altar, nicolae_overflow_crystal_walls, serial_forest,
          infiniplex_forest_zigzag_1, infiniplex_forest_lined_1,
          infiniplex_forest_straight_2, infiniplex_forest_straight_2,
          infiniplex_forest_corner_2, infiniplex_forest_clump_curved,
          infiniplex_forest_lined_4_way, infiniplex_forest_straight_2,
          infiniplex_forest_end_double, grunt_decor_mini_mirrors,
          minmay_tromino_v7
D:3:      dancing_weapons_uskayaw, marbit_many_paths, first_ration,
          minmay_three_crescents
D:4:      kennysheep_mini_moat
D:5:      xom_butterflies, serial_shops, nicolae_shop_window_shopping,
          uniq_eustachio

Skill      XL: |  1  2  3  4  5  6 |
---------------+-------------------+-----
Unarmed Combat | 1 3 4 5 |  5.0
Conjurations   | 1 2 3 |  3.9
Dodging        | |  1.5
Stealth        | |  1.0
Spellcasting   | |  2.0
Summonings     | |  0.6
Translocations | |  0.6

Action                   |  1- 3 |  4- 6 |  7- 9 || total
-------------------------+-------+-------+-------++-------
Melee: Unarmed           |    97 |   157 |     5 ||   259
       Punch             |       |     6 |       ||     6
 Cast: Magic Dart        |     1 |       |       ||     1
       Mephitic Cloud    |       |       |     1 ||     1
Invok: Curse Item        |       |     1 |       ||     1
  Use: Scroll            |       |     5 |       ||     5
 Stab: Sleeping          |     2 |     2 |       ||     4
       Confused          |       |       |     1 ||     1
  Eat: Chunk             |    13 |    20 |       ||    33
Armor: Robe              |    24 |    54 |     1 ||    79
Dodge: Dodged            |    50 |    72 |     5 ||   127

Table legend:
 A = Spawn XP
 B = Non-spawn XP
 C = Spawn XP percentage of total XP
 D = Spawn monster count
 E = Non-spawn monster count
 F = Spawn count percentage of total count
 G = Total turns spent on level
                    A         B        C        D         E        F      G
               +---------+---------+-------+---------+---------+-------+---------
         Total |       0 |     749 |   0.0 |       0 |      77 |   0.0 |  3153
               +---------+---------+-------+---------+---------+-------+---------
           D:1 |       0 |      45 |   0.0 |       0 |      20 |   0.0 |   687
           D:2 |       0 |     145 |   0.0 |       0 |      11 |   0.0 |   878
           D:3 |       0 |      65 |   0.0 |       0 |      22 |   0.0 |   715
           D:4 |       0 |     380 |   0.0 |       0 |      17 |   0.0 |   599
           D:5 |       0 |     114 |   0.0 |       0 |       7 |   0.0 |   274
               +---------+---------+-------+---------+---------+-------+---------
